 Dungeon Crawl Stone Soup version 0.26-a0-964-g69f9a3b9e2 (webtiles) character file.

Game seed: 6009300609215125566

174 lunkers the Cutter (level 5, -6/38 HPs)
             Began as a Halfling Fighter on Dec 2, 2020.
             Mangled by an ogre
             ... wielding a +0 giant club
              (9 damage)
             ... on level 4 of the Dungeon on Dec 3, 2020.
             The game lasted 00:03:35 (3357 turns).

lunkers the Cutter (Halfling Fighter)               Turns: 3357, Time: 00:03:36

Health: -6/38      AC: 12    Str: 18    XL:     5   Next: 84%
Magic:  5/5        EV:  4    Int:  6    God:
Gold:   195        SH:  9    Dex: 14    Spells: 4/4 levels left

rFire    . . .     SeeInvis .   a - +0 rapier
rCold    . . .     Faith    .   c - +0 kite shield
rNeg     . . .     Spirit   .   p - +0 plate armour
rPois    .         Reflect  .   (no helmet)
rElec    .         Harm     .   (no cloak)
rCorr    .         Rampage  .   (no gloves)
MR       .....                  o - +0 pair of boots
Stlth    ..........             (no amulet)
HPRegen  0.12/turn              (no ring)
MPRegen  0.09/turn              (no ring)

@: no status effects
A: small, mutation resistance 1
a: no special abilities


You were on level 4 of the Dungeon.
You visited 1 branch of the dungeon, and saw 4 of its levels.

You collected 195 gold pieces.

Inventory:

Hand Weapons
 a - a +0 rapier (weapon)
Missiles
 g - 4 poisoned darts (quivered)
Armour
 c - a +0 kite shield (worn)
 o - a +0 pair of boots (worn)
 p - a +0 plate armour (worn)
Jewellery
 k - an uncursed amulet of inaccuracy
Scrolls
 f - a scroll of random uselessness {unknown}
 h - a scroll of teleportation
 i - a scroll of magic mapping {unknown}
 r - a scroll of fear {unknown}
Potions
 b - a potion of berserk rage
 d - a potion of might
 e - a potion of brilliance
 j - a potion of curing {unknown}
 l - a potion of attraction {unknown}
 m - a potion of heal wounds {unknown}
 n - 2 potions of flight {unknown}
 q - a potion of lignification {unknown}


   Skills:
 + Level 4.3 Fighting
 + Level 5.0 Short Blades
 - Level 3.2 Armour
 - Level 3.2 Shields


You had 4 spell levels left.
You didn't know any spells.
Your spell library was empty.

Dungeon Overview and Level Annotations

Branches:
Dungeon (4/15)
 Temple: D:4-7

Altars:


Innate Abilities, Weirdness & Mutations

You are small and have problems with some larger weapons.
You are somewhat resistant to further mutation.


Message History

The ogre looks more healthy.
You hit the ogre.
The ogre is moderately wounded.
The ogre hits you with a +0 giant club!!
Ouch! That really hurt!
* * * LOW HITPOINT WARNING * * *
You hit the ogre.
The ogre is heavily wounded.
You block the ogre's attack.
You hit the ogre.
The ogre is heavily wounded.
You block the ogre's attack.
You hit the ogre.
The ogre is heavily wounded.
The ogre hits you with a +0 giant club!
* * * LOW HITPOINT WARNING * * *
You closely miss the ogre.
The ogre is heavily wounded.
The ogre hits you with a +0 giant club!
You die...

#. . ### ## #
.(....! #.#.$.#.
...#...
####....####...
........S(.S(.#
#..# #.#O# #..#
#..# #.#@# #..###
#..###.#.# #....#
#..##.(..# #..#.#
#..##..### #..#.#
#..#...## #..#.#
#...#...####..#.#
#.............#.#
#.###...........#
##.###.#(##..####


You could see an ogre and an adder.

Vanquished Creatures
  A centaur skeleton (D:4)
  A hound (D:4)
  3 adders
  2 worms (D:3)
  4 dart slugs
  4 leopard geckos
  An orc (D:3)
  2 ball pythons (D:2)
  5 giant cockroaches
  7 goblins
  9 hobgoblins
  8 jackals
  3 kobolds
  3 quokkas
  A bat (D:2)
  2 frilled lizards (D:1)
  11 rats
67 creatures vanquished.

Notes
Turn   | Place    | Note
-------+----------+-------------------------------------------
     0 | D:1      | lunkers the Halfling Fighter began the quest for the Orb.
     0 | D:1      | Reached XP level 1. HP: 15/15 MP: 1/1
    74 | D:1      | Reached XP level 2. HP: 19/20 MP: 2/2
   117 | D:1      | Reached skill level 3 in Short Blades
   711 | D:1      | Reached XP level 3. HP: 26/26 MP: 3/3
  1355 | D:2      | Reached XP level 4. HP: 31/31 MP: 4/4
  1670 | D:2      | Reached skill level 4 in Short Blades
  2448 | D:3      | Reached XP level 5. HP: 36/37 MP: 5/5
  3299 | D:4      | Reached skill level 5 in Short Blades
  3347 | D:4      | Noticed an ogre
  3357 | D:4      | Mangled by an ogre

Illustrated notes

Levels and vault maps discovered:
D:1:      erik_arrival_triangle_small, layout_loops_corners
D:2:      layout_loops_ring, minmay_box_of_dots
D:3:      layout_basic, gup_sewer_entry_bowl
D:4:      layout_loops_ring, general_overflow_altar, uniq_ijyb

Skill      XL: |  1  2  3  4  5 |
---------------+----------------+-----
Fighting       | 3 4 |  4.3
Short Blades   | 3 4 5 |  5.0
Armour         | |  3.2
Shields        | |  3.2

Action                   |  1- 3 |  4- 6 || total
-------------------------+-------+-------++-------
Melee: Rapier            |    77 |   153 ||   230
Throw: Dart              |    54 |    29 ||    83
  Use: Scroll            |       |     5 ||     5
Armor: Scale mail        |    18 |    11 ||    29
       Plate armour      |       |    40 ||    40
Dodge: Dodged            |    16 |    24 ||    40
Block: Kite shield       |    36 |    52 ||    88

Table legend: (Time is in decaauts)
 A = Elapsed time spent in this place.
 B = Non-inter-level travel time spent in this place.
 C = Inter-level travel time spent in this place.
 D = Time resting spent in this place.
 E = Time spent auto-exploring this place.
 F = Levels seen in this place.
 G = Mean time per level.
                   A        B        C        D        E       F      G
               +--------+--------+--------+--------+--------+-----+--------+
         Total |   3390 |   3303 |     87 |      0 |   2760 |   4 |  847.5 |
       Dungeon |   3390 |   3303 |     87 |      0 |   2760 |   4 |  847.5 |
               +--------+--------+--------+--------+--------+-----+--------+

Top non-repeatable levels by time:
     D:1: 1271 daAuts
     D:3: 1020 daAuts
     D:2: 765 daAuts
     D:4: 333 daAuts
